 Dungeon Crawl Stone Soup version 0.20.0-1-g1cb1d84 (webtiles) character file.

208 inmateoo the Ruffian (level 5, 0/40 HPs)
             Began as a Draconian Transmuter on May 27, 2017.
             Slain by a bullfrog (2 damage)
             ... while paralysed by Grinder
             ... on level 6 of the Dungeon.
             The game lasted 00:04:14 (2498 turns).

inmateoo the Ruffian (Draconian Transmuter)         Turns: 2498, Time: 00:04:15

Health: 0/40       AC: 11    Str: 13    XL:     5   Next: 55%
Magic:  11/17      EV:  2    Int: 14    God:
Gold:   136        SH:  0    Dex: 16    Spells: 2/8 levels left

rFire    . . .     SeeInvis .     - Unarmed
rCold    . . .     Gourm    .   (no shield)
rNeg     . . .     Faith    .   (armour unavailable)
rPois    .         Spirit   .   (helmet restricted)
rElec    .         Reflect  .   r - +2 cloak
rCorr    .         Harm     .   k - +2 pair of gloves
MR       .....                  (no boots)
Stlth    ++........             (no amulet)
Regen    0.2/turn               t - ring of magical power
MPRegen  0.2/turn               (no ring)

@: paralysed, agile, very slightly contaminated
A: unfitting armour, beak, stinger 1, cold-blooded, AC +5
a: no special abilities


You were on level 6 of the Dungeon.
You were not hungry.

You visited 1 branch of the dungeon, and saw 4 of its levels.

You collected 136 gold pieces.

Inventory:

Missiles
 a - 28 arrows
 q - a throwing net (quivered)
Armour
 k - a +2 pair of gloves (worn)
 r - a +2 cloak (worn)
Jewellery
 h - an uncursed ring of ice
 t - a ring of magical power (left hand)
Wands
 u - a wand of enslavement (14/24)
Scrolls
 e - 3 scrolls of identify
 f - a scroll of recharging
 j - 2 scrolls of remove curse
 p - a scroll of amnesia {unknown}
 s - a scroll of immolation {unknown}
 v - a scroll of teleportation {unknown}
Potions
 g - a potion of lignification {unknown}
 n - a potion of mutation
 o - a potion of heal wounds {unknown}
Books
 b - a book of Changes

   Spells                             Type                      Level
   a - Beastly Appendage              Transmutation                1
   b - Sticks to Snakes               Transmutation                2
   c - Spider Form                    Transmutation/Poison         3
   d - Ice Form                       Ice/Transmutation            4
   e - Blade Hands                    Transmutation                5
Comestibles
 c - 2 bread rations
 m - a meat ration


   Skills:
 - Level 1.1 Fighting
 - Level 1.7 Dodging
 + Level 5.9 Unarmed Combat
 + Level 2.3 Spellcasting
 * Level 2.5 Transmutations


You had 2 spell levels left.
You knew the following spells:

 Your Spells              Type           Power        Failure   Level  Hunger
a - Beastly Appendage     Tmut           #.....       9%          1    #......
b - Sticks to Snakes      Tmut           #.......     12%         2    ###....
c - Spider Form           Tmut/Pois      #.........   38%         3    ###....


Dungeon Overview and Level Annotations

Branches:
Dungeon (3/15)             Temple (0/1) D:6

Altars:

Annotations:
D:6 Grinder


Innate Abilities, Weirdness & Mutations

Your plain brown scales are hard. (AC +5)
You cannot fit into any form of body armour.
You are cold-blooded and may be slowed by cold attacks.
You have a beak for a mouth.
Your tail ends in a poisonous barb.


Message History

Unknown command.
Unknown command.
The crimson imp blinks!
Found a potion of curing.
Unknown command.
Unknown command.
The bullfrog hits you.
* * * LOW HITPOINT WARNING * * *
The crimson imp lashes its tail.
There is a staircase to the Ecumenical Temple here.
Unknown command.
Unknown command.
The bullfrog barely misses you. x2; The crimson imp blinks!
The bullfrog misses you. The bullfrog barely misses you.
The hound closely misses you. Grinder gestures at you.
You suddenly lose the ability to move!
The orc shouts!
The bullfrog hits you.
You die...

.<..##........o..
.........ho......#
..?..$.alo./..o..#
.....≈≈≈≈≈hho.....
...≈≈≈≈≈≈≈≈≈ha...#
.≈≈≈≈≈≈≈≈oo≈≈≈...#
≈≈≈≈≈≈≈≈≈h≈≈≈≈≈...
≈≈≈≈≈≈FFh≈≈≈≈≈≈o.#
≈≈5≈≈≈.@.≈≈≈≈≈≈o##
≈≈≈≈≈≈...≈≈≈≈≈≈o..
.≈≈≈≈≈≈≈≈≈≈≈≈≈....
...≈≈≈≈≈≈≈≈≈5o....
.!...≈≈≈≈≈oZ.....
...).............
...#######.#####
... .#


You could see Grinder, a black bear, 2 bullfrogs, a hound, 2 worker ants, an orc
wizard, a crimson imp, 7 orcs, a quokka zombie, a leopard gecko and 4 jackals.

Vanquished Creatures
  An orc wizard (D:6)
  Crazy Yiuf (D:2)
  Robin (D:2)
  4 gnolls (D:2)
  2 adders (D:2)
  3 worms (D:2)
  4 dart slugs
  A leopard gecko (D:1)
  An orc (D:3)
  A ball python (D:2)
  2 giant cockroaches (D:1)
  9 hobgoblins
  4 jackals (D:1)
  6 kobolds
  5 bats
  3 frilled lizards
  15 goblins
  7 rats
70 creatures vanquished.

Vanquished Creatures (others)
  An orc wizard (D:6)
  A rat (D:2)
2 creatures vanquished.

Grand Total: 72 creatures vanquished

Notes
Turn   | Place    | Note
-------+----------+-------------------------------------------
     0 | D:1      | inmateoo the Draconian Transmuter began the quest for the Orb.
     0 | D:1      | Reached XP level 1. HP: 16/16 MP: 3/3
   154 | D:1      | Reached XP level 2. HP: 19/23 MP: 5/5
   273 | D:1      | Reached skill level 4 in Unarmed Combat
   373 | D:1      | Reached XP level 3. HP: 28/28 MP: 4/6
   681 | D:2      | Noticed Robin
   800 | D:2      | Learned a level 2 spell: Sticks to Snakes
   804 | D:2      | Learned a level 3 spell: Spider Form
   873 | D:2      | Killed Robin
   873 | D:2      | Reached XP level 4. HP: 27/35 MP: 7/7
  1025 | D:2      | Reached skill level 5 in Unarmed Combat
  1291 | D:2      | Found a runed door.
  1830 | D:2      | Reached XP level 5. HP: 14/40 MP: 8/8
  2044 | D:2      | Noticed Crazy Yiuf
  2050 | D:2      | Killed Crazy Yiuf
  2472 | D:3      | You fall through a shaft for 3 floors!
  2483 | D:6      | Noticed a black bear
  2491 | D:6      | Found a staircase to the Ecumenical Temple.
  2491 | D:6      | Noticed Grinder
  2493 | D:6      | Gained mutation: Your magical capacity is low. (-10% MP) [potion of mutation]
  2493 | D:6      | Gained mutation: Your tail ends in a poisonous barb. [potion of mutation]
  2493 | D:6      | Lost mutation: Your magical capacity is low. (-10% MP) [potion of mutation]
  2493 | D:6      | Gained mutation: You have a beak for a mouth. [potion of mutation]
  2496 | D:6      | HP: 2/40 [bullfrog (2)]
  2497 | D:6      | Paralysed by Grinder for 3 turns
  2498 | D:6      | Slain by a bullfrog

Skill      XL: |  1  2  3  4 |
---------------+-------------+-----
Unarmed Combat | 4 5 |  5.9
Fighting       | |  1.1
Dodging        | |  1.7
Spellcasting   | |  2.3
Transmutations | |  2.5

Action                   |  1- 3 |  4- 6 || total
-------------------------+-------+-------++-------
Melee: Unarmed           |   139 |   134 ||   273
       Tailslap          |    16 |    11 ||    27
       Punch             |     3 |     1 ||     4
       Kick              |     7 |     7 ||    14
       Headbutt          |     5 |     4 ||     9
 Cast: Beastly Appendage |     6 |     6 ||    12
       Spider Form       |       |     2 ||     2
       Sticks to Snakes  |       |     3 ||     3
Evoke: Wand              |       |     3 ||     3
  Use: Scroll            |       |     4 ||     4
       Potion            |       |     3 ||     3
 Stab: Sleeping          |     2 |       ||     2
  Eat: Chunk             |       |     6 ||     6
Armor: Skin              |    35 |    48 ||    83
Dodge: Dodged            |    76 |   114 ||   190
